General information
- name: BNet
- type: Ladder team game (AT/RT)
- host: Battle.net
- saver: blinn
map: GnollWood
- players: 6
- length: 12:01
- speed: Fast
- version: 1.21 W3XP
- replay type:

» download(85 KB)
Players
team 1 (winner)
blinn (
green | 81 APM | 976 actions | 12:01)
4 Archmage
2 Summon Water Elemental
2 Brilliance Aura
» actions
| Assign group hotkey | 51 | |
| Basic commands | 10 | |
| Build / train | 56 | |
| Enter build submenu | 24 | |
| Enter hero's abilities submenu | 4 | |
| Right click | 444 | |
| Select / deselect | 253 | |
| Select group hotkey | 75 | |
| Use ability | 59 | |
976 total
» units
| Peasant | 25 | |
| Footman | 2 | |
| Rifleman | 6 | |
33 total
» upgrades
| Masonry | 1 | |
| Gunpowder | 1 | |
| Lumber Harvesting | 1 | |
3 total
» buildings
| Altar of Kings | 1 | |
| Farm | 6 | |
| Lumber Mill | 1 | |
| Scout Tower | 7 | |
| Arcane Tower | 3 | |
| Barracks | 2 | |
| Blacksmith | 1 | |
| Guard Tower | 4 | |
| Keep | 4 | |
| Arcane Vault | 1 | |
| Town Hall | 1 | |
| Arcane Sanctum | 1 | |
32 total
» build order
00:02 Altar of Kings
00:05 Farm
00:13 Farm
03:30 Lumber Mill
03:46 Scout Tower
03:47 Scout Tower
04:07 Arcane Tower
04:07 Arcane Tower
04:22 Scout Tower
04:43 Farm
05:32 Barracks
06:36 Blacksmith
06:39 Farm
06:42 Barracks
06:58 Scout Tower
07:00 Scout Tower
07:43 Guard Tower
07:43 Guard Tower
07:59 Farm
08:13 Keep
08:13 Keep
08:13 Keep
09:15 Arcane Vault
09:37 Scout Tower
09:39 Scout Tower
10:32 Town Hall
10:36 Guard Tower
10:46 Farm
11:44 Arcane Sanctum
iggy_the_fisk (
teal | 101 APM | 1214 actions | 12:00)
2 Archmage
1 Summon Water Elemental
1 Brilliance Aura
1 Mountain King
1 Storm Bolt
» actions
| Assign group hotkey | 189 | |
| Basic commands | 3 | |
| Build / train | 55 | |
| Enter build submenu | 33 | |
| Enter hero's abilities submenu | 3 | |
| Right click | 558 | |
| Select / deselect | 207 | |
| Select group hotkey | 83 | |
| Use ability | 83 | |
1214 total
» units
| Peasant | 21 | |
| Sorceress | 5 | |
| Priest | 2 | |
28 total
» upgrades
» buildings
| Altar of Kings | 1 | |
| Farm | 7 | |
| Lumber Mill | 4 | |
| Scout Tower | 15 | |
| Guard Tower | 17 | |
| Keep | 1 | |
| Arcane Vault | 2 | |
| Arcane Sanctum | 2 | |
49 total
» build order
00:03 Altar of Kings
00:10 Farm
01:13 Farm
01:35 Farm
02:22 Lumber Mill
03:19 Scout Tower
03:43 Guard Tower
03:46 Scout Tower
04:03 Guard Tower
04:04 Guard Tower
04:05 Scout Tower
04:08 Scout Tower
04:17 Scout Tower
04:31 Guard Tower
04:43 Guard Tower
04:53 Guard Tower
05:24 Scout Tower
05:25 Scout Tower
05:51 Guard Tower
06:05 Scout Tower
06:19 Keep
06:21 Guard Tower
06:23 Scout Tower
06:24 Scout Tower
06:45 Guard Tower
06:47 Scout Tower
06:53 Guard Tower
07:12 Lumber Mill
07:19 Guard Tower
07:21 Lumber Mill
07:35 Farm
07:43 Guard Tower
07:44 Arcane Vault
08:04 Scout Tower
08:05 Scout Tower
08:15 Scout Tower
08:18 Farm
08:32 Guard Tower
08:43 Arcane Sanctum
08:46 Arcane Sanctum
08:57 Farm
09:00 Guard Tower
09:02 Arcane Vault
09:22 Guard Tower
09:24 Scout Tower
09:44 Farm
09:54 Guard Tower
10:22 Lumber Mill
» items
TIMG4STROK (
purple | 95 APM | 1147 actions | 12:00)
3 Pandaren Brewmaster
2 Breath of Fire
1 Drunken Brawler
» actions
| Assign group hotkey | 18 | |
| Basic commands | 50 | |
| Build / train | 55 | |
| ESC pressed | 3 | |
| Enter build submenu | 14 | |
| Enter hero's abilities submenu | 3 | |
| Right click | 477 | |
| Select / deselect | 149 | |
| Select group hotkey | 328 | |
| Use ability | 50 | |
1147 total
» units
» upgrades
| Improved Bows | 1 | |
| Ultravision | 1 | |
| Strength of the Moon | 2 | |
| Nature's Blessing | 1 | |
| Moon Armor | 1 | |
| Marksmanship | 1 | |
7 total
» buildings
| Moon Well | 6 | |
| Ancient of War | 3 | |
| Tree of Life | 1 | |
| Altar of Elders | 1 | |
| Tree of Ages | 1 | |
| Hunter's Hall | 1 | |
| Tree of Eternity | 1 | |
| Ancient of Wonders | 2 | |
| Ancient of Wind | 1 | |
17 total
» build order
00:14 Moon Well
00:43 Ancient of War
00:53 Tree of Life
01:39 Altar of Elders
01:54 Ancient of War
02:49 Ancient of War
04:43 Tree of Ages
04:45 Moon Well
06:43 Hunter's Hall
07:35 Moon Well
07:35 Moon Well
07:36 Moon Well
07:36 Moon Well
08:22 Tree of Eternity
08:25 Ancient of Wonders
08:29 Ancient of Wind
09:17 Ancient of Wonders
» items
| Scroll of Town Portal | 1 | |
| Scroll of Protection | 2 | |
| Scroll of Healing | 2 | |
5 total
team 2 (loser)
achuachu (
pink | 59 APM | 706 actions | 12:00)
1 Demon Hunter
1 Mana Burn
» actions
| Basic commands | 65 | |
| Build / train | 11 | |
| Enter build submenu | 11 | |
| Enter hero's abilities submenu | 1 | |
| Remove unit from queue | 2 | |
| Right click | 388 | |
| Select / deselect | 176 | |
| Use ability | 52 | |
706 total
» units
» buildings
| Altar of Elders | 2 | |
| Moon Well | 3 | |
| Ancient of War | 2 | |
| Ancient of Wonders | 1 | |
| Hunter's Hall | 1 | |
9 total
» build order
00:11 Altar of Elders
00:28 Moon Well
00:50 Ancient of War
01:05 Ancient of War
01:44 Moon Well
02:20 Moon Well
02:48 Ancient of Wonders
03:15 Hunter's Hall
05:40 Altar of Elders

»
seven_neves (
blue | 84 APM | 976 actions | 11:39)
3 Demon Hunter
1 Evasion
2 Mana Burn
2 Keeper of the Grove
1 Entangling Roots
1 Thorns Aura
» actions
| Assign group hotkey | 9 | |
| Basic commands | 46 | |
| Build / train | 50 | |
| Enter build submenu | 21 | |
| Enter hero's abilities submenu | 5 | |
| Remove unit from queue | 2 | |
| Right click | 327 | |
| Select / deselect | 305 | |
| Select group hotkey | 166 | |
| Use ability | 45 | |
976 total
» units
| Wisp | 18 | |
| Dryad | 6 | |
| Druid of the Claw | 2 | |
26 total
» upgrades
| Abolish Magic | 1 | |
| Druid of the Claw Training | 1 | |
2 total
» buildings
| Altar of Elders | 2 | |
| Moon Well | 6 | |
| Tree of Ages | 4 | |
| Hunter's Hall | 1 | |
| Ancient of Lore | 5 | |
| Ancient Protector | 1 | |
| Tree of Eternity | 2 | |
21 total
» build order
00:15 Altar of Elders
00:16 Moon Well
00:34 Altar of Elders
02:26 Moon Well
02:43 Tree of Ages
02:44 Tree of Ages
02:44 Tree of Ages
04:19 Moon Well
04:22 Moon Well
04:38 Hunter's Hall
04:53 Moon Well
05:45 Ancient of Lore
05:48 Ancient of Lore
05:58 Ancient of Lore
06:05 Ancient of Lore
06:32 Moon Well
06:44 Ancient of Lore
06:49 Ancient Protector
09:11 Tree of Eternity
09:11 Tree of Eternity
» items
| Scroll of Town Portal | 1 | |
| Scroll of Protection | 1 | |
2 total
taichinwah (
orange | 57 APM | 672 actions | 11:43)
2 Far Seer
1 Feral Spirit
1 Chain Lighting
» actions
| Assign group hotkey | 16 | |
| Build / train | 36 | |
| Enter build submenu | 14 | |
| Enter hero's abilities submenu | 2 | |
| Remove unit from queue | 7 | |
| Right click | 188 | |
| Select / deselect | 122 | |
| Select group hotkey | 258 | |
| Use ability | 29 | |
672 total
» units
| Peon | 7 | |
| Grunt | 8 | |
| Troll Headhunter/Berserker | -1 | |
| Demolisher | 1 | |
15 total
» upgrades
| Melee Weapons | 1 | |
| Armor | 1 | |
| Berserker Strength | 1 | |
3 total
» buildings
| Altar of Storms | 1 | |
| Orc Burrow | 6 | |
| Barracks | 2 | |
| Voodoo Lounge | 1 | |
| War Mill | 1 | |
| Stronghold | 1 | |
12 total
» build order
00:07 Altar of Storms
00:28 Orc Burrow
00:45 Barracks
01:51 Orc Burrow
02:00 Voodoo Lounge
02:59 Barracks
03:46 Orc Burrow
06:34 War Mill
08:18 Stronghold
08:40 Orc Burrow
09:18 Orc Burrow
10:08 Orc Burrow
» items
| Healing Salve | 3 | |
| Lesser Clarity Potion | 2 | |
| Scroll of Speed | 1 | |
| Scroll of Town Portal | 1 | |
7 total
Chat log
(01:19 / All) TIMG4STROK: one sec
(01:21 / All) TIMG4STROK: hold on
(01:23 / All) blinn: thanks
(01:25 / All) TIMG4STROK: stop
(11:45 / All) blinn: gg
(11:57 / All) iggy_the_fisk: U may leave 10 minutes ago
(11:58 / All) iggy_the_fisk: thank you